Sharks vs Maple Leafs

Created - February 16, 2020 at 22:49

Goals
1 2 3 T
Sharks 1 1 0 2
Maple Leafs 2 1 0 3
Shots
1 2 3 T
Sharks 15 12 6 33
Maple Leafs 10 14 16 40

1st period

1. Sharks , Mike Cammalleri 9 (Jason Spezza 32, Andrej Sekera 6) at 1:13
2. Maple Leafs , Fabian Brunnstrom 14 (Ben Smith 18) at 8:57
3. Maple Leafs , Eric Nystrom 14 (Brayden Schenn 18, Calvin de Haan 5) at 19:52

Penalties :
Alec Martinez (SJS) for Delaying the game (Minor) at 2:44, Alex Killorn (Tor) for Tripping (Minor) at 12:07

2nd period

4. Maple Leafs , Brayden Schenn 13 (Eric Nystrom 9, Ryan Parent 9) at 2:51
5. Sharks , Luke Adam 8 (Milan Michalek 23, Mike Cammalleri 14) at 4:42 (PP)

Penalties :
Iiro Pakarinen (Tor) for Interference (Minor) at 3:58, Patrick Kane (Tor) for Roughing (Minor) at 5:08, Martins Karsums (SJS) for Hooking (Minor) at 15:47

3rd period

No Goal

Penalties :
John Klingberg (Tor) for Roughing (Minor) at 8:20, Iiro Pakarinen (Tor) for Hooking (Minor) at 12:54, Matt Corrente (SJS) for Holding (Minor) at 17:51

Goalie Stats

Ryan Miller (SJS), 37 saves from 40 shots - (0.925), L, 17-16-6, 59:54 minutes
Tyler Weiman (Tor), 31 saves from 33 shots - (0.939), W, 4-3-1, 60:00 minutes

Players Stats for Sharks

Player Name              G  A  P  +/- PIM S  H  SB GA TA FO     MP     PP MP  PK MP  
------------------------------------------------------------------------------------
Adam Larsson             0  0  0  -1  0   1  0  0  0  0  0/0    15:23   0:00   2:15 
Alec Martinez            0  0  0   0  2   0  0  0  0  0  0/0     6:13   0:00   0:27 
Andrej Sekera            0  1  1   1  0   1  0  1  0  3  0/0    18:43   2:59   2:42 
Ben Lovejoy              0  0  0  -2  0   1  1  3  0  0  0/0    24:29   5:41   3:15 
Bobby Butler             0  0  0   1  0   1  5  2  1  0  3/7    19:25   5:19   0:00 
David Rundblad           0  0  0   1  0   0  0  0  0  0  0/0    11:37   0:00   0:00 
Drew Doughty             0  0  0  -2  0   10 2  4  1  0  0/0    28:40   5:41   3:03 
Jason Spezza             0  1  1   0  0   2  0  2  0  1  13/23  25:18   5:19   1:28 
Jiri Tlusty              0  0  0  -1  0   0  0  0  0  0  0/0     5:56   0:00   0:00 
Luke Adam                1  0  1  -1  0   1  2  1  1  0  2/2    14:58   3:21   0:13 
Martins Karsums          0  0  0  -1  2   1  0  0  0  0  0/1    16:15   3:21   0:00 
Matt Corrente            0  0  0  -1  2   4  0  2  0  1  0/0    16:01   2:59   0:12 
Mike Cammalleri          1  1  2   1  0   2  0  0  0  0  2/3    21:43   5:19   1:56 
Milan Michalek           0  1  1  -1  0   2  2  0  0  0  2/3    19:15   3:21   3:00 
Oskar Osala              0  0  0  -1  0   2  3  0  0  0  1/1    13:04   0:00   0:50 
Stefan Ruzicka           0  0  0  -1  0   1  1  1  1  1  0/1    13:12   0:00   1:45 
T.J. Hensick             0  0  0  -1  0   4  1  0  0  1  4/14   17:05   0:00   2:42 
Zach Boychuk             0  0  0  -1  0   0  0  0  0  0  0/0     6:43   0:00   0:00 

Players Stats for Maple Leafs

Player Name              G  A  P  +/- PIM S  H  SB GA TA FO     MP     PP MP  PK MP  
------------------------------------------------------------------------------------
Alex Killorn             0  0  0  -1  2   2  0  0  1  0  0/0     8:06   0:00   0:00 
Beau Bennett             0  0  0  -1  0   2  1  0  0  0  1/1     8:05   0:00   0:00 
Ben Smith                0  1  1   1  0   3  0  0  1  0  0/1    19:23   3:04   5:14 
Brayden Schenn           1  1  2   2  0   2  2  2  0  0  7/13   18:34   2:44   5:33 
Braydon Coburn           0  0  0   1  0   1  3  2  0  1  0/0    24:41   1:57   5:24 
Calvin de Haan           0  1  1   1  0   0  0  3  0  0  0/0    15:24   2:13   0:00 
Eric Nystrom             1  1  2   2  0   5  1  1  0  0  0/0    11:39   0:42   1:47 
Fabian Brunnstrom        1  0  1   1  0   4  3  0  0  0  0/0    13:55   3:04   0:00 
Iiro Pakarinen           0  0  0   2  4   0  1  0  0  0  0/0     9:49   0:41   0:00 
John Klingberg           0  0  0   0  2   3  0  0  2  0  0/0    18:47   4:00   0:00 
Jordan Staal             0  0  0   0  0   0  1  0  0  1  12/27  21:51   2:12   2:27 
Kevin Shattenkirk        0  0  0   0  0   6  0  0  1  1  0/0    25:29   3:44   3:16 
Marc-Édouard Vlasic      0  0  0   1  0   1  2  1  1  0  0/0    16:59   0:00   3:16 
Mika Zibanejad           0  0  0   1  0   2  1  1  0  0  4/7    11:39   1:01   0:40 
Nate Thompson            0  0  0  -1  0   1  0  0  0  0  1/3     7:56   0:00   0:00 
Patrick Kane             0  0  0   0  2   4  3  0  0  0  2/2    21:16   2:12   1:39 
Ryan Parent              0  1  1   1  0   0  0  2  1  1  0/0    18:56   0:00   5:24 
Taylor Hall              0  0  0   0  0   4  2  0  0  0  1/1    18:46   2:11   0:00 

3 Stars

1 - Brayden Schenn (Tor)
2 - Eric Nystrom (Tor)
3 - Fabian Brunnstrom (Tor)

Power Play

Sharks - 1 on 5 Attempt(s) - 20.00%
Maple Leafs - 0 on 3 Attempt(s) - 0.00%

Penalty Kill

Sharks - 3 on 3 Attempt(s) - 100.00% - Score 0 goal in Penalty Kill
Maple Leafs - 4 on 5 Attempt(s) - 80.00% - Score 0 goal in Penalty Kill

Team Stat

Sharks - Hits : 17 - Faceoff Wins : 27 - Blocked Shots : 16 - Penalty Minutes : 6
Maple Leafs - Hits : 20 - Faceoff Wins : 28 - Blocked Shots : 12 - Penalty Minutes : 10

Official

Referees : Unknown
Linesman : Unknown

Game Notes

18:40 of 2nd period - Sharks goal is going for a video replay. After video review, No Goal. The attacking player has interfered with a goalkeeper in his goal crease.

Finance

Level 1 -- Attendance: 4839 (80.65%) -- Ticket Income $532,290
Level 2 -- Attendance: 4062 (81.24%) -- Ticket Income $284,340
Level 3 -- Attendance: 1583 (79.15%) -- Ticket Income $72,818
Level 4 -- Attendance: 3159 (78.98%) -- Ticket Income $94,770
Luxury Box -- Attendance: 985 (98.50%) -- Ticket Income $177,300
Game was played at the Maple Leafs Garden.
Total Attendance: 14628 (81.27%)
Total Ticket Income: $1,161,518
Other Income: $174,228
Total Income: $1,335,746

Sharks

5 vs 5 Forward 
   Center                   Left Wing                Right Wing               Time % Phy DF OF 
 1 Jason Spezza             Mike Cammalleri          Bobby Butler             40     1   2  2  
 2 T.J. Hensick             Milan Michalek           Martins Karsums          30     1   2  2  
 3 Luke Adam                Oskar Osala              Stefan Ruzicka           20     1   2  2  
 4 Jason Spezza             Zach Boychuk             Jiri Tlusty              10     1   2  2  

5 vs 5 Defense 
   Defense                  Defense                                           Time % Phy DF OF 
 1 Drew Doughty             Ben Lovejoy                                       40     1   2  2  
 2 Andrej Sekera            David Rundblad                                    30     1   2  2  
 3 Adam Larsson             Matt Corrente                                     20     1   2  2  
 4 Alec Martinez            Drew Doughty                                      10     1   2  2  

PowerPlay Forward 
   Center                   Left Wing                Right Wing               Time % Phy DF OF 
 1 Jason Spezza             Mike Cammalleri          Bobby Butler             60     1   2  2  
 2 Luke Adam                Milan Michalek           Martins Karsums          40     1   2  2  

PowerPlay Defense
   Defense                  Defense                                           Time % Phy DF OF 
 1 Drew Doughty             Ben Lovejoy                                       60     1   2  2  
 2 Andrej Sekera            Matt Corrente                                     40     1   2  2  

Penalty Kill 4 Players Forward 
   Center                   Wing                     Time % Phy DF OF 
 1 Jason Spezza             Mike Cammalleri          60     1   4  0  
 2 T.J. Hensick             Milan Michalek           40     1   4  0  

Penalty Kill 4 Players Defense
   Defense                  Defense                  Time % Phy DF OF 
 1 Drew Doughty             Ben Lovejoy              60     1   4  0  
 2 Andrej Sekera            Adam Larsson             40     1   4  0  

Penalty Kill - 3 Players Forward 
   Forward                                           Time % Phy DF OF 
 1 Jason Spezza                                      60     1   4  0  
 2 T.J. Hensick                                      40     1   4  0  

Penalty Kill - 3 Players Defense
   Defense                  Defense                  Time % Phy DF OF 
 1 Drew Doughty             Ben Lovejoy              60     1   4  0  
 2 Andrej Sekera            Adam Larsson             40     1   4  0  

4 vs 4 Forward 
   Center                   Wing                     Time % Phy DF OF 
 1 Jason Spezza             Mike Cammalleri          60     1   2  2  
 2 T.J. Hensick             Milan Michalek           40     1   2  2  

4 vs 4 Defense
   Defense                  Defense                  Time % Phy DF OF 
 1 Drew Doughty             Ben Lovejoy              60     1   2  2  
 2 Andrej Sekera            Alec Martinez            40     1   2  2  

Last Minutes Offensive
   Center                   Left Wing                Right Wing               Defense                  Defense                  
   Jason Spezza             Mike Cammalleri          Bobby Butler             Drew Doughty             Ben Lovejoy              

Last Minutes Defensive
   Center                   Left Wing                Right Wing               Defense                  Defense                  
   Jason Spezza             Milan Michalek           T.J. Hensick             Drew Doughty             Andrej Sekera            

Goaltenders
Starting : Ryan Miller              
Backup : Anders Nilsson           

Extra Forwards
Normal : Oskar Osala, Zach Boychuk, Stefan Ruzicka - PP : Oskar Osala, Zach Boychuk - PK : Stefan Ruzicka
Extra Defensemen
Normal : David Rundblad, Matt Corrente, Alec Martinez - PP : David Rundblad - PK : Matt Corrente, Alec Martinez
Penalty Shots
Jason Spezza, Mike Cammalleri, Milan Michalek, Luke Adam, Oskar Osala

Scratches
Brandon Dubinsky (Strained Right Knee Injury), Nikolai Kulemin (Healthy)

Maple Leafs

5 vs 5 Forward 
   Center                   Left Wing                Right Wing               Time % Phy DF OF 
 1 Jordan Staal             Taylor Hall              Patrick Kane             40     1   1  3  
 2 Mika Zibanejad           Fabian Brunnstrom        Ben Smith                30     1   2  2  
 3 Brayden Schenn           Eric Nystrom             Iiro Pakarinen           20     1   2  2  
 4 Nate Thompson            Alex Killorn             Beau Bennett             10     1   3  1  

5 vs 5 Defense 
   Defense                  Defense                                           Time % Phy DF OF 
 1 Kevin Shattenkirk        Braydon Coburn                                    40     0   2  3  
 2 John Klingberg           Ryan Parent                                       30     1   3  1  
 3 Marc-Édouard Vlasic      Calvin de Haan                                    20     1   2  2  
 4 Kevin Shattenkirk        Braydon Coburn                                    10     1   1  3  

PowerPlay Forward 
   Center                   Left Wing                Right Wing               Time % Phy DF OF 
 1 Jordan Staal             Taylor Hall              Patrick Kane             60     0   1  4  
 2 Brayden Schenn           Fabian Brunnstrom        Ben Smith                40     0   1  4  

PowerPlay Defense
   Defense                  Defense                                           Time % Phy DF OF 
 1 Kevin Shattenkirk        John Klingberg                                    60     0   1  4  
 2 Braydon Coburn           Calvin de Haan                                    40     0   1  4  

Penalty Kill 4 Players Forward 
   Center                   Wing                     Time % Phy DF OF 
 1 Brayden Schenn           Ben Smith                60     1   3  1  
 2 Jordan Staal             Patrick Kane             40     1   3  1  

Penalty Kill 4 Players Defense
   Defense                  Defense                  Time % Phy DF OF 
 1 Braydon Coburn           Ryan Parent              60     1   3  1  
 2 Kevin Shattenkirk        Marc-Édouard Vlasic      40     1   3  1  

Penalty Kill - 3 Players Forward 
   Forward                                           Time % Phy DF OF 
 1 Brayden Schenn                                    60     1   4  0  
 2 Jordan Staal                                      40     1   4  0  

Penalty Kill - 3 Players Defense
   Defense                  Defense                  Time % Phy DF OF 
 1 Braydon Coburn           Ryan Parent              60     1   4  0  
 2 Kevin Shattenkirk        Marc-Édouard Vlasic      40     1   4  0  

4 vs 4 Forward 
   Center                   Wing                     Time % Phy DF OF 
 1 Jordan Staal             Patrick Kane             60     1   2  2  
 2 Brayden Schenn           Taylor Hall              40     1   2  2  

4 vs 4 Defense
   Defense                  Defense                  Time % Phy DF OF 
 1 Kevin Shattenkirk        John Klingberg           60     1   2  2  
 2 Braydon Coburn           Ryan Parent              40     1   2  2  

Last Minutes Offensive
   Center                   Left Wing                Right Wing               Defense                  Defense                  
   Jordan Staal             Taylor Hall              Patrick Kane             Kevin Shattenkirk        John Klingberg           

Last Minutes Defensive
   Center                   Left Wing                Right Wing               Defense                  Defense                  
   Jordan Staal             Eric Nystrom             Patrick Kane             Braydon Coburn           Ryan Parent              

Goaltenders
Starting : Tyler Weiman             
Backup : Marc-André Fleury        

Extra Forwards
Normal : Jordan Staal, Beau Bennett, Patrick Kane - PP : Brayden Schenn, Ben Smith - PK : Ben Smith
Extra Defensemen
Normal : Calvin de Haan, Braydon Coburn, Kevin Shattenkirk - PP : John Klingberg - PK : Ryan Parent, Kevin Shattenkirk
Penalty Shots
Patrick Kane, Jordan Staal, Taylor Hall, Fabian Brunnstrom, Brayden Schenn

Scratches
Blake Comeau (Healthy)

% Time on Ice - Sharks

Lines # - Real PCT - Wanted PCT - Time Play
Normal Forward
1 - 36% - 40% - 16:08
2 - 26% - 30% - 12:01
3 - 25% - 20% - 11:18
4 - 13% - 10% - 5:56
Normal Defense
1 - 34% - 40% - 15:33
2 - 29% - 30% - 13:02
3 - 26% - 20% - 12:00
4 - 11% - 10% - 4:48
PP Forward
1 - 61% - 60% - 5:19
2 - 39% - 40% - 3:21
PP Defense
1 - 66% - 60% - 5:41
2 - 34% - 40% - 2:59
PK Forward
1 - 66% - 60% - 3:56
2 - 34% - 40% - 2:01
PK Defense
1 - 55% - 60% - 3:15
2 - 45% - 40% - 2:42
PK3 Forward
1 - 0% - 60%
2 - 0% - 40%
PK3 Defense
1 - 0% - 60%
2 - 0% - 40%
44 Forward
1 - 0% - 60%
2 - 0% - 40%
44 Defense
1 - 0% - 60%
2 - 0% - 40%
Last Minute Offensive  - 0:00
Last Minute Defensive  - 0:00
Total
Forward - 60:00
Defense - 60:00

% Time on Ice - Maple Leafs

Lines # - Real PCT - Wanted PCT - Time Play
Normal Forward
1 - 37% - 40% - 16:50
2 - 25% - 30% - 11:19
3 - 20% - 20% - 9:09
4 - 18% - 10% - 7:56
Normal Defense
1 - 37% - 40% - 16:50
2 - 32% - 30% - 14:35
3 - 27% - 20% - 12:02
4 - 4% - 10% - 1:47
PP Forward
1 - 46% - 60% - 2:43
2 - 54% - 40% - 3:14
PP Defense
1 - 67% - 60% - 4:00
2 - 33% - 40% - 1:57
PK Forward
1 - 72% - 60% - 6:13
2 - 28% - 40% - 2:27
PK Defense
1 - 62% - 60% - 5:24
2 - 38% - 40% - 3:16
PK3 Forward
1 - 0% - 60%
2 - 0% - 40%
PK3 Defense
1 - 0% - 60%
2 - 0% - 40%
44 Forward
1 - 0% - 60%
2 - 0% - 40%
44 Defense
1 - 0% - 60%
2 - 0% - 40%
Last Minute Offensive  - 0:00
Last Minute Defensive  - 0:09
Total
Forward - 60:00
Defense - 60:00

Play-by-Play

1st period


0:01 of 1st period - Mike Cammalleri wins face-off versus Jordan Staal in neutral zone.
0:06 of 1st period - Slapshot by Drew Doughty.
0:06 of 1st period - Shot Misses the Net.
0:08 of 1st period - Wrist shot by Bobby Butler.
0:08 of 1st period - Shot Blocked by Braydon Coburn.
1:13 of 1st period - Snap shot by Mike Cammalleri.
1:13 of 1st period - Goal by Mike Cammalleri - Sharks : 1 - Maple Leafs : 0.
1:14 of 1st period - Jordan Staal wins face-off versus T.J. Hensick in neutral zone.
1:19 of 1st period - Backhand shot by Jordan Staal.
1:19 of 1st period - Shot Misses the Net.
1:36 of 1st period - Icing by Patrick Kane.
1:37 of 1st period - Mika Zibanejad wins face-off versus Bobby Butler in Maple Leafs zone.
1:44 of 1st period - Backhand shot by Jason Spezza.
1:44 of 1st period - Stopped by Tyler Weiman with a rebound.
2:16 of 1st period - Slapshot by Jordan Staal.
2:16 of 1st period - Shot Blocked by Drew Doughty.
2:44 of 1st period - Minor Penalty to Alec Martinez for Delaying the game.
2:45 of 1st period - Jason Spezza wins face-off versus Jordan Staal in Sharks zone.
3:18 of 1st period - Snap shot by Milan Michalek.
3:18 of 1st period - Stopped by Tyler Weiman with a rebound.
4:44 of 1st period - Penalty to Alec Martinez is over, Alec Martinez is back on ice.
5:42 of 1st period - Snap shot by T.J. Hensick.
5:42 of 1st period - Stopped by Tyler Weiman without a rebound.
5:43 of 1st period - Mika Zibanejad wins face-off versus Jason Spezza in Maple Leafs zone.
6:17 of 1st period - Calvin de Haan is hit by Ben Lovejoy and loses puck.
6:32 of 1st period - Wrist shot by Brayden Schenn.
6:32 of 1st period - Shot Blocked by Bobby Butler.
6:42 of 1st period - Wrist shot by Brayden Schenn.
6:42 of 1st period - Shot Hit the Post.
6:44 of 1st period - Wrist shot by Eric Nystrom.
6:44 of 1st period - Stopped by Ryan Miller with a rebound.
8:32 of 1st period - Luke Adam is hit by Marc-Édouard Vlasic and loses puck.
8:52 of 1st period - Milan Michalek is hit by Fabian Brunnstrom and loses puck.
8:57 of 1st period - Wrist shot by Fabian Brunnstrom.
8:57 of 1st period - Goal by Fabian Brunnstrom - Sharks : 1 - Maple Leafs : 1.
8:58 of 1st period - Jason Spezza wins face-off versus Jordan Staal in neutral zone.
9:01 of 1st period - Slapshot by Mike Cammalleri.
9:01 of 1st period - Stopped by Tyler Weiman with a rebound.
9:03 of 1st period - Snap shot by Matt Corrente.
9:03 of 1st period - Stopped by Tyler Weiman with a rebound.
9:05 of 1st period - Snap shot by Matt Corrente.
9:05 of 1st period - Stopped by Tyler Weiman with a rebound.
9:07 of 1st period - Slapshot by Matt Corrente.
9:07 of 1st period - Stopped by Tyler Weiman with a rebound.
9:09 of 1st period - Slapshot by Adam Larsson.
9:09 of 1st period - Shot Misses the Net.
9:11 of 1st period - Slapshot by Adam Larsson.
9:11 of 1st period - Stopped by Tyler Weiman without a rebound.
9:12 of 1st period - Jordan Staal wins face-off versus T.J. Hensick in Maple Leafs zone.
9:50 of 1st period - Slapshot by Kevin Shattenkirk.
9:50 of 1st period - Shot Misses the Net.
10:08 of 1st period - Wrist shot by Martins Karsums.
10:08 of 1st period - Deflect By Milan Michalek.
10:08 of 1st period - Stopped by Tyler Weiman with a rebound.
10:26 of 1st period - Backhand shot by Drew Doughty.
10:26 of 1st period - Deflect By John Klingberg.
10:26 of 1st period - Stopped by Tyler Weiman without a rebound.
10:27 of 1st period - Bobby Butler wins face-off versus Jordan Staal in Maple Leafs zone.
10:28 of 1st period - Slapshot by Drew Doughty.
10:28 of 1st period - Stopped by Tyler Weiman with a rebound.
11:01 of 1st period - Snap shot by Fabian Brunnstrom.
11:01 of 1st period - Stopped by Ryan Miller without a rebound.
11:02 of 1st period - Mika Zibanejad wins face-off versus Jason Spezza in Sharks zone.
11:15 of 1st period - Slapshot by Ben Smith.
11:15 of 1st period - Stopped by Ryan Miller with a rebound.
11:29 of 1st period - Patrick Kane is hit by Luke Adam.
11:41 of 1st period - Wrist shot by Patrick Kane.
11:41 of 1st period - Shot Misses the Net.
11:57 of 1st period - Snap shot by T.J. Hensick.
11:57 of 1st period - Stopped by Tyler Weiman with a rebound.
12:07 of 1st period - Minor Penalty to Alex Killorn for Tripping.
12:08 of 1st period - Jason Spezza wins face-off versus Brayden Schenn in Maple Leafs zone.
12:17 of 1st period - Wrist shot by Drew Doughty.
12:17 of 1st period - Stopped by Tyler Weiman with a rebound.
13:39 of 1st period - Mike Cammalleri is hit by Brayden Schenn and loses puck.
14:07 of 1st period - Penalty to Alex Killorn is over, Alex Killorn is back on ice.
14:17 of 1st period - Slapshot by Drew Doughty.
14:17 of 1st period - Stopped by Tyler Weiman without a rebound.
14:18 of 1st period - T.J. Hensick wins face-off versus Mika Zibanejad in Maple Leafs zone.
14:34 of 1st period - Matt Corrente is hit by Mika Zibanejad and loses puck.
14:49 of 1st period - Patrick Kane is hit by Stefan Ruzicka.
14:53 of 1st period - Adam Larsson is hit by Taylor Hall and loses puck.
16:29 of 1st period - Snap shot by Ben Smith.
16:29 of 1st period - Shot Blocked by Bobby Butler.
16:31 of 1st period - Snap shot by Mika Zibanejad.
16:31 of 1st period - Shot Misses the Net.
16:33 of 1st period - Snap shot by Ben Smith.
16:33 of 1st period - Deflect By Fabian Brunnstrom.
16:33 of 1st period - Stopped by Ryan Miller without a rebound.
16:34 of 1st period - Jordan Staal wins face-off versus Jason Spezza in Sharks zone.
16:35 of 1st period - Wrist shot by Patrick Kane.
16:35 of 1st period - Stopped by Ryan Miller with a rebound.
16:37 of 1st period - Snap shot by Patrick Kane.
16:37 of 1st period - Shot Blocked by Matt Corrente.
16:49 of 1st period - Snap shot by Taylor Hall.
16:49 of 1st period - Stopped by Ryan Miller with a rebound.
17:01 of 1st period - Wrist shot by Mika Zibanejad.
17:01 of 1st period - Shot Blocked by Stefan Ruzicka.
17:21 of 1st period - Milan Michalek is hit by Brayden Schenn and loses puck.
18:33 of 1st period - Slapshot by Brayden Schenn.
18:33 of 1st period - Shot Misses the Net.
18:35 of 1st period - Slapshot by Braydon Coburn.
18:35 of 1st period - Stopped by Ryan Miller with a rebound.
18:37 of 1st period - Wrist shot by Brayden Schenn.
18:37 of 1st period - Stopped by Ryan Miller with a rebound.
19:42 of 1st period - Snap shot by Brayden Schenn.
19:42 of 1st period - Shot Misses the Net.
19:44 of 1st period - Slapshot by Calvin de Haan.
19:44 of 1st period - Shot Blocked by Ben Lovejoy.
19:46 of 1st period - Wrist shot by Eric Nystrom.
19:46 of 1st period - Shot Blocked by Ben Lovejoy.
19:52 of 1st period - Slapshot by Eric Nystrom.
19:52 of 1st period - Goal by Eric Nystrom - Sharks : 1 - Maple Leafs : 2.
19:53 of 1st period - Bobby Butler wins face-off versus Jordan Staal in neutral zone.
19:56 of 1st period - Patrick Kane is hit by Drew Doughty and loses puck.
Goals for this period are 1 for Sharks vs 2 for Maple Leafs.
Shots for this period are 15 for Sharks vs 10 for Maple Leafs.

2nd period


0:01 of 2nd period - Jordan Staal wins face-off versus Mike Cammalleri in neutral zone.
1:18 of 2nd period - Wrist shot by Mika Zibanejad.
1:18 of 2nd period - Shot Misses the Net.
1:26 of 2nd period - Backhand shot by Ben Smith.
1:26 of 2nd period - Shot Misses the Net.
1:28 of 2nd period - Slapshot by Kevin Shattenkirk.
1:28 of 2nd period - Stopped by Ryan Miller without a rebound.
1:29 of 2nd period - Patrick Kane wins face-off versus Jason Spezza in Sharks zone.
1:36 of 2nd period - Snap shot by Patrick Kane.
1:36 of 2nd period - Shot Misses the Net.
1:38 of 2nd period - Snap shot by Patrick Kane.
1:38 of 2nd period - Stopped by Ryan Miller with a rebound.
1:40 of 2nd period - Snap shot by Taylor Hall.
1:40 of 2nd period - Stopped by Ryan Miller without a rebound.
1:41 of 2nd period - Jason Spezza wins face-off versus Jordan Staal in Sharks zone.
2:24 of 2nd period - Brayden Schenn is hit by Oskar Osala and loses puck.
2:51 of 2nd period - Wrist shot by Brayden Schenn.
2:51 of 2nd period - Goal by Brayden Schenn - Sharks : 1 - Maple Leafs : 3.
2:52 of 2nd period - Jordan Staal wins face-off versus Milan Michalek in neutral zone.
3:07 of 2nd period - Ben Lovejoy is hit by Jordan Staal and loses puck.
3:58 of 2nd period - Minor Penalty to Iiro Pakarinen for Interference.
3:59 of 2nd period - Brayden Schenn wins face-off versus Jason Spezza in Maple Leafs zone.
4:10 of 2nd period - Backhand shot by Mike Cammalleri.
4:10 of 2nd period - Deflect By Jason Spezza.
4:10 of 2nd period - Shot Blocked by Ryan Parent.
4:10 of 2nd period - Puck is out of play.
4:11 of 2nd period - Jason Spezza wins face-off versus Brayden Schenn in Maple Leafs zone.
4:12 of 2nd period - Wrist shot by Bobby Butler.
4:12 of 2nd period - Shot Blocked by Brayden Schenn.
4:14 of 2nd period - Slapshot by Ben Lovejoy.
4:14 of 2nd period - Deflect By Bobby Butler.
4:14 of 2nd period - Stopped by Tyler Weiman without a rebound.
4:15 of 2nd period - Jason Spezza wins face-off versus Ben Smith in Maple Leafs zone.
4:16 of 2nd period - Slapshot by Drew Doughty.
4:16 of 2nd period - Stopped by Tyler Weiman with a rebound.
4:42 of 2nd period - Slapshot by Milan Michalek.
4:42 of 2nd period - Deflect By Luke Adam.
4:42 of 2nd period - Goal by Luke Adam - Sharks : 2 - Maple Leafs : 3.
4:43 of 2nd period - Jordan Staal wins face-off versus Bobby Butler in neutral zone.
4:46 of 2nd period - Jason Spezza is hit by Patrick Kane and loses puck.
4:55 of 2nd period - Slapshot by Drew Doughty.
4:55 of 2nd period - Deflect By Patrick Kane.
4:55 of 2nd period - Stopped by Tyler Weiman without a rebound.
4:56 of 2nd period - Jason Spezza wins face-off versus Jordan Staal in Maple Leafs zone.
4:56 of 2nd period - Jason Spezza is hit by Braydon Coburn.
5:06 of 2nd period - Backhand shot by Jason Spezza.
5:06 of 2nd period - Shot Misses the Net.
5:08 of 2nd period - Minor Penalty to Patrick Kane for Roughing.
5:09 of 2nd period - Brayden Schenn wins face-off versus Jason Spezza in Maple Leafs zone.
5:22 of 2nd period - Slapshot by Mike Cammalleri.
5:22 of 2nd period - Deflect By Jason Spezza.
5:22 of 2nd period - Stopped by Tyler Weiman with a rebound.
5:24 of 2nd period - Slapshot by Drew Doughty.
5:24 of 2nd period - Stopped by Tyler Weiman with a rebound.
5:37 of 2nd period - Off-side.
5:38 of 2nd period - Milan Michalek wins face-off versus Jordan Staal in neutral zone.
5:49 of 2nd period - Snap shot by Martins Karsums.
5:49 of 2nd period - Shot Misses the Net.
5:51 of 2nd period - Slapshot by Matt Corrente.
5:51 of 2nd period - Stopped by Tyler Weiman without a rebound.
5:52 of 2nd period - Brayden Schenn wins face-off versus Bobby Butler in Maple Leafs zone.
5:52 of 2nd period - Brayden Schenn is hit by Bobby Butler.
6:19 of 2nd period - Milan Michalek is hit by Braydon Coburn.
6:25 of 2nd period - Eric Nystrom is hit by Luke Adam and loses puck.
7:08 of 2nd period - Penalty to Patrick Kane is over, Patrick Kane is back on ice.
7:16 of 2nd period - Kevin Shattenkirk is hit by Milan Michalek and loses puck.
8:09 of 2nd period - Snap shot by Mika Zibanejad.
8:09 of 2nd period - Deflect By David Rundblad.
8:09 of 2nd period - Stopped by Ryan Miller with a rebound.
8:39 of 2nd period - Slapshot by Alex Killorn.
8:39 of 2nd period - Stopped by Ryan Miller without a rebound.
8:40 of 2nd period - Milan Michalek wins face-off versus Nate Thompson in Sharks zone.
8:47 of 2nd period - Snap shot by Drew Doughty.
8:47 of 2nd period - Stopped by Tyler Weiman with a rebound.
9:02 of 2nd period - Ben Lovejoy is hit by Braydon Coburn and loses puck.
9:15 of 2nd period - Slapshot by Alex Killorn.
9:15 of 2nd period - Stopped by Ryan Miller with a rebound.
9:17 of 2nd period - Snap shot by Alex Killorn.
9:17 of 2nd period - Shot Blocked by Drew Doughty.
9:19 of 2nd period - Snap shot by Beau Bennett.
9:19 of 2nd period - Shot Misses the Net.
9:21 of 2nd period - Slapshot by Kevin Shattenkirk.
9:21 of 2nd period - Shot Blocked by Luke Adam.
9:27 of 2nd period - Slapshot by John Klingberg.
9:27 of 2nd period - Stopped by Ryan Miller with a rebound.
9:29 of 2nd period - Slapshot by Kevin Shattenkirk.
9:29 of 2nd period - Shot Blocked by Drew Doughty.
9:31 of 2nd period - Snap shot by Nate Thompson.
9:31 of 2nd period - Shot Misses the Net.
9:33 of 2nd period - Slapshot by Marc-Édouard Vlasic.
9:33 of 2nd period - Shot Misses the Net.
9:37 of 2nd period - Slapshot by Kevin Shattenkirk.
9:37 of 2nd period - Shot Misses the Net.
9:39 of 2nd period - Wrist shot by Alex Killorn.
9:39 of 2nd period - Shot Blocked by Ben Lovejoy.
9:43 of 2nd period - Slapshot by Alex Killorn.
9:43 of 2nd period - Shot Hit the Post.
9:55 of 2nd period - Snap shot by Nate Thompson.
9:55 of 2nd period - Shot Misses the Net.
10:15 of 2nd period - Snap shot by Alex Killorn.
10:15 of 2nd period - Deflect By Nate Thompson.
10:15 of 2nd period - Stopped by Ryan Miller without a rebound.
10:16 of 2nd period - Jordan Staal wins face-off versus Jason Spezza in Sharks zone.
10:50 of 2nd period - Slapshot by Marc-Édouard Vlasic.
10:50 of 2nd period - Stopped by Ryan Miller without a rebound.
10:51 of 2nd period - Jordan Staal wins face-off versus T.J. Hensick in Sharks zone.
10:56 of 2nd period - Snap shot by Jordan Staal.
10:56 of 2nd period - Shot Misses the Net.
11:16 of 2nd period - Jordan Staal is hit by Bobby Butler and loses puck.
11:35 of 2nd period - Snap shot by Taylor Hall.
11:35 of 2nd period - Stopped by Ryan Miller without a rebound.
11:36 of 2nd period - T.J. Hensick wins face-off versus Mika Zibanejad in Sharks zone.
13:23 of 2nd period - Slapshot by Stefan Ruzicka.
13:23 of 2nd period - Shot Blocked by Eric Nystrom.
13:25 of 2nd period - Snap shot by Oskar Osala.
13:25 of 2nd period - Stopped by Tyler Weiman with a rebound.
13:27 of 2nd period - Wrist shot by Andrej Sekera.
13:27 of 2nd period - Stopped by Tyler Weiman without a rebound.
13:28 of 2nd period - Jordan Staal wins face-off versus Martins Karsums in Maple Leafs zone.
14:25 of 2nd period - Slapshot by Mike Cammalleri.
14:25 of 2nd period - Shot Blocked by Brayden Schenn.
14:48 of 2nd period - Slapshot by Kevin Shattenkirk.
14:48 of 2nd period - Shot Blocked by Jason Spezza.
14:50 of 2nd period - Wrist shot by Eric Nystrom.
14:50 of 2nd period - Stopped by Ryan Miller with a rebound.
14:52 of 2nd period - Slapshot by Eric Nystrom.
14:52 of 2nd period - Deflect By Zach Boychuk.
14:52 of 2nd period - Stopped by Ryan Miller with a rebound.
14:54 of 2nd period - Snap shot by Eric Nystrom.
14:54 of 2nd period - Shot Misses the Net.
14:56 of 2nd period - Snap shot by Brayden Schenn.
14:56 of 2nd period - Shot Misses the Net.
15:36 of 2nd period - Slapshot by Kevin Shattenkirk.
15:36 of 2nd period - Deflect By Ben Lovejoy.
15:36 of 2nd period - Stopped by Ryan Miller without a rebound.
15:37 of 2nd period - Jordan Staal wins face-off versus T.J. Hensick in Sharks zone.
15:47 of 2nd period - Minor Penalty to Martins Karsums for Hooking.
15:48 of 2nd period - Jordan Staal wins face-off versus Stefan Ruzicka in Sharks zone.
17:47 of 2nd period - Penalty to Martins Karsums is over, Martins Karsums is back on ice.
17:48 of 2nd period - John Klingberg is hit by Drew Doughty and loses puck.
18:11 of 2nd period - Slapshot by Ben Smith.
18:11 of 2nd period - Shot Blocked by Andrej Sekera.
18:17 of 2nd period - Kevin Shattenkirk is hit by T.J. Hensick and loses puck.
18:36 of 2nd period - Wrist shot by Oskar Osala.
18:36 of 2nd period - Shot Misses the Net.
18:38 of 2nd period - Snap shot by T.J. Hensick.
18:38 of 2nd period - Stopped by Tyler Weiman with a rebound.
18:40 of 2nd period - Snap shot by Oskar Osala.
18:40 of 2nd period - Sharks goal is going for a video replay.
18:40 of 2nd period - The goal is refused. The attacking player has interfered with a goalkeeper in his goal crease..
18:41 of 2nd period - Nate Thompson wins face-off versus Jason Spezza in Maple Leafs zone.
18:41 of 2nd period - Nate Thompson is hit by Bobby Butler.
18:47 of 2nd period - Jason Spezza is hit by Beau Bennett and loses puck.
18:52 of 2nd period - Wrist shot by Alex Killorn.
18:52 of 2nd period - Shot Blocked by Drew Doughty.
19:11 of 2nd period - Alec Martinez is hit by Marc-Édouard Vlasic and loses puck.
Goals for this period are 1 for Sharks vs 1 for Maple Leafs.
Shots for this period are 12 for Sharks vs 14 for Maple Leafs.

3rd period


0:01 of 3rd period - Jason Spezza wins face-off versus Jordan Staal in neutral zone.
0:56 of 3rd period - Slapshot by John Klingberg.
0:56 of 3rd period - Stopped by Ryan Miller with a rebound.
1:04 of 3rd period - John Klingberg is hit by Oskar Osala.
1:53 of 3rd period - Icing by Jason Spezza.
1:54 of 3rd period - Jason Spezza wins face-off versus Brayden Schenn in Sharks zone.
1:54 of 3rd period - Jason Spezza is hit by Eric Nystrom.
2:18 of 3rd period - Slapshot by Kevin Shattenkirk.
2:18 of 3rd period - Stopped by Ryan Miller without a rebound.
2:19 of 3rd period - Oskar Osala wins face-off versus Jordan Staal in Sharks zone.
2:24 of 3rd period - Slapshot by Drew Doughty.
2:24 of 3rd period - Shot Blocked by Calvin de Haan.
2:26 of 3rd period - Snap shot by Drew Doughty.
2:26 of 3rd period - Shot Misses the Net.
2:40 of 3rd period - Snap shot by Drew Doughty.
2:40 of 3rd period - Stopped by Tyler Weiman with a rebound.
2:42 of 3rd period - Wrist shot by Luke Adam.
2:42 of 3rd period - Shot Blocked by Calvin de Haan.
2:44 of 3rd period - Wrist shot by Stefan Ruzicka.
2:44 of 3rd period - Shot Blocked by Mika Zibanejad.
2:46 of 3rd period - Snap shot by Ben Lovejoy.
2:46 of 3rd period - Shot Blocked by Calvin de Haan.
2:48 of 3rd period - Snap shot by Stefan Ruzicka.
2:48 of 3rd period - Stopped by Tyler Weiman with a rebound.
3:35 of 3rd period - Wrist shot by T.J. Hensick.
3:35 of 3rd period - Stopped by Tyler Weiman with a rebound.
4:07 of 3rd period - Snap shot by Martins Karsums.
4:07 of 3rd period - Stopped by Tyler Weiman with a rebound.
4:17 of 3rd period - Snap shot by John Klingberg.
4:17 of 3rd period - Stopped by Ryan Miller without a rebound.
4:18 of 3rd period - Patrick Kane wins face-off versus Jason Spezza in Sharks zone.
4:19 of 3rd period - Wrist shot by Taylor Hall.
4:19 of 3rd period - Stopped by Ryan Miller without a rebound.
4:20 of 3rd period - Jason Spezza wins face-off versus Jordan Staal in Sharks zone.
5:20 of 3rd period - Slapshot by Eric Nystrom.
5:20 of 3rd period - Shot Misses the Net.
5:32 of 3rd period - Snap shot by Brayden Schenn.
5:32 of 3rd period - Deflect By Eric Nystrom.
5:32 of 3rd period - Stopped by Ryan Miller without a rebound.
5:33 of 3rd period - Taylor Hall wins face-off versus T.J. Hensick in Sharks zone.
5:34 of 3rd period - Snap shot by Patrick Kane.
5:34 of 3rd period - Stopped by Ryan Miller without a rebound.
5:35 of 3rd period - Jordan Staal wins face-off versus T.J. Hensick in Sharks zone.
5:48 of 3rd period - Slapshot by Taylor Hall.
5:48 of 3rd period - Shot Misses the Net.
5:50 of 3rd period - Slapshot by Kevin Shattenkirk.
5:50 of 3rd period - Stopped by Ryan Miller without a rebound.
5:51 of 3rd period - Luke Adam wins face-off versus Mika Zibanejad in Sharks zone.
5:56 of 3rd period - Slapshot by Kevin Shattenkirk.
5:56 of 3rd period - Stopped by Ryan Miller with a rebound.
6:04 of 3rd period - Fabian Brunnstrom is hit by Oskar Osala and loses puck.
6:53 of 3rd period - Icing by Drew Doughty.
6:54 of 3rd period - Luke Adam wins face-off versus Jordan Staal in Sharks zone.
6:54 of 3rd period - Luke Adam is hit by Taylor Hall.
7:16 of 3rd period - Luke Adam is hit by Patrick Kane and loses puck.
7:29 of 3rd period - Slapshot by Drew Doughty.
7:29 of 3rd period - Deflect By Martins Karsums.
7:29 of 3rd period - Shot Misses the Net.
7:29 of 3rd period - Puck is out of play.
7:30 of 3rd period - Mika Zibanejad wins face-off versus T.J. Hensick in Maple Leafs zone.
7:35 of 3rd period - T.J. Hensick is hit by Fabian Brunnstrom and loses puck.
7:40 of 3rd period - Slapshot by Kevin Shattenkirk.
7:40 of 3rd period - Deflect By Ben Smith.
7:40 of 3rd period - Stopped by Ryan Miller with a rebound.
7:42 of 3rd period - Snap shot by Fabian Brunnstrom.
7:42 of 3rd period - Stopped by Ryan Miller without a rebound.
7:43 of 3rd period - Jason Spezza wins face-off versus Jordan Staal in Sharks zone.
7:50 of 3rd period - Patrick Kane is hit by Bobby Butler and loses puck.
8:20 of 3rd period - Minor Penalty to John Klingberg for Roughing.
8:21 of 3rd period - Brayden Schenn wins face-off versus Jason Spezza in Maple Leafs zone.
9:11 of 3rd period - Snap shot by Luke Adam.
9:11 of 3rd period - Shot Misses the Net.
9:13 of 3rd period - Wrist shot by Martins Karsums.
9:13 of 3rd period - Shot Blocked by Marc-Édouard Vlasic.
9:35 of 3rd period - Slapshot by Drew Doughty.
9:35 of 3rd period - Deflect By Mike Cammalleri.
9:35 of 3rd period - Shot Misses the Net.
9:35 of 3rd period - Puck is out of play.
9:36 of 3rd period - Mike Cammalleri wins face-off versus Brayden Schenn in Maple Leafs zone.
10:20 of 3rd period - Penalty to John Klingberg is over, John Klingberg is back on ice.
10:36 of 3rd period - Snap shot by Patrick Kane.
10:36 of 3rd period - Stopped by Ryan Miller without a rebound.
10:37 of 3rd period - Beau Bennett wins face-off versus T.J. Hensick in Sharks zone.
11:02 of 3rd period - Wrist shot by Taylor Hall.
11:02 of 3rd period - Shot Misses the Net.
11:29 of 3rd period - Wrist shot by Eric Nystrom.
11:29 of 3rd period - Shot Hit the Post.
11:53 of 3rd period - Snap shot by Oskar Osala.
11:53 of 3rd period - Deflect By Stefan Ruzicka.
11:53 of 3rd period - Shot Blocked by Ryan Parent.
11:53 of 3rd period - Puck is out of play.
11:54 of 3rd period - Bobby Butler wins face-off versus Jordan Staal in Maple Leafs zone.
12:21 of 3rd period - David Rundblad is hit by Fabian Brunnstrom and loses puck.
12:48 of 3rd period - Jiri Tlusty is hit by Iiro Pakarinen and loses puck.
12:54 of 3rd period - Minor Penalty to Iiro Pakarinen for Hooking.
12:55 of 3rd period - Jason Spezza wins face-off versus Brayden Schenn in Maple Leafs zone.
12:55 of 3rd period - Snap shot by Drew Doughty.
12:55 of 3rd period - Stopped by Tyler Weiman without a rebound.
12:56 of 3rd period - Brayden Schenn wins face-off versus Bobby Butler in Maple Leafs zone.
12:56 of 3rd period - Brayden Schenn is hit by Bobby Butler.
13:33 of 3rd period - Snap shot by Ben Lovejoy.
13:33 of 3rd period - Stopped by Tyler Weiman without a rebound.
13:34 of 3rd period - Jason Spezza wins face-off versus Jordan Staal in Maple Leafs zone.
14:48 of 3rd period - Slapshot by Mika Zibanejad.
14:48 of 3rd period - Stopped by Ryan Miller with a rebound.
14:54 of 3rd period - Penalty to Iiro Pakarinen is over, Iiro Pakarinen is back on ice.
15:04 of 3rd period - Wrist shot by Beau Bennett.
15:04 of 3rd period - Stopped by Ryan Miller without a rebound.
15:05 of 3rd period - T.J. Hensick wins face-off versus Nate Thompson in Sharks zone.
15:16 of 3rd period - Snap shot by Beau Bennett.
15:16 of 3rd period - Shot Blocked by Matt Corrente.
15:26 of 3rd period - Snap shot by Beau Bennett.
15:26 of 3rd period - Stopped by Ryan Miller with a rebound.
16:01 of 3rd period - Snap shot by Matt Corrente.
16:01 of 3rd period - Shot Misses the Net.
16:35 of 3rd period - Adam Larsson is hit by Patrick Kane and loses puck.
16:50 of 3rd period - Wrist shot by Jordan Staal.
16:50 of 3rd period - Shot Blocked by Jason Spezza.
17:51 of 3rd period - Minor Penalty to Matt Corrente for Holding.
17:52 of 3rd period - Brayden Schenn wins face-off versus T.J. Hensick in Sharks zone.
18:06 of 3rd period - Slapshot by Kevin Shattenkirk.
18:06 of 3rd period - Stopped by Ryan Miller without a rebound.
18:07 of 3rd period - Brayden Schenn wins face-off versus T.J. Hensick in Sharks zone.
18:22 of 3rd period - Snap shot by Ben Smith.
18:22 of 3rd period - Stopped by Ryan Miller without a rebound.
18:23 of 3rd period - T.J. Hensick wins face-off versus Brayden Schenn in Sharks zone.
18:28 of 3rd period - John Klingberg is hit by Milan Michalek and loses puck.
19:51 of 3rd period - Penalty to Matt Corrente is over, Matt Corrente is back on ice.
19:54 of 3rd period - Sharks, Ryan Miller is pulled from the net.
19:58 of 3rd period - Wrist shot by Oskar Osala.
19:58 of 3rd period - Shot Blocked by Braydon Coburn.
Goals for this period are 0 for Sharks vs 0 for Maple Leafs.
Shots for this period are 6 for Sharks vs 16 for Maple Leafs.